 Dungeon Crawl Stone Soup version 0.31.0-32-g396128a36d (webtiles) character file.

Game seed: 9119008272922674277

3798 hawla the Fighter (level 9, -7/53 HPs)
             Began as a Felid Shapeshifter on Apr 19, 2024.
             Was a Follower of Makhleb.
             Mangled by a vault guard
             ... wielding a +0 broad axe
              (17 damage)
             ... in a bailey on Apr 20, 2024.
             The game lasted 00:17:24 (7307 turns).

hawla the Fighter (Felid Shapeshifter)              Turns: 7307, Time: 00:17:26

Health: -7/53      AC:  2    Str: 14    XL:     9   Next: 96%
Magic:  10/10      EV: 25    Int: 13    God:    Makhleb [*.....]
Gold:   402        SH:  0    Dex: 17    Spells: 8/8 levels left
                                        Lives:  0   Deaths: 3

rFire   . .          .
                       - Unarmed
rCold   . . .        (shield unavailable)
rNeg    . . .        (body armour unavailable)
rPois   .            (helmet unavailable)
rElec   .            (cloak unavailable)
rCorr   .            (gloves unavailable)
SInv    +            (boots unavailable)
Will    +....        (no amulet)
Stlth   +            (no ring)
HPRegen 0.28/turn    (no ring)
MPRegen 0.12/turn

%: no passive effects
@: flux-form, glowing
A: glow, contaminating, very small, claws 1, fangs 3, see invisible, shaggy fur
2, stealthy paws, no weapons or thrown items, no armour, multi-lived
a: Begin Untransformation, Renounce Religion


You were in a bailey.
You worshipped Makhleb.
Makhleb was aware of your devotion.
You were something dangerously unstable.
You visited 2 branches of the dungeon, and saw 9 of its levels.
You also visited: Ossuary and Bailey.

You collected 402 gold pieces.

Inventory:

Talismans
 b - a beast talisman
 c - a flux talisman (active)
 h - a maw talisman
Wands
 o - a wand of light (5)
 p - a wand of charming (9) (quivered)
Scrolls
 e - 2 scrolls of identify
 i - 3 scrolls of poison
 r - a scroll of amnesia
 t - a scroll of blinking
 v - a scroll of enchant weapon {unknown}
 x - a scroll of fear
 y - a scroll of teleportation
Potions
 a - a potion of lignification
 d - 2 potions of invisibility
 f - 4 potions of curing
 g - 3 potions of heal wounds {unknown}
 j - a potion of cancellation {unknown}
 k - 4 potions of might {unknown}
 l - a potion of magic {unknown}
 m - 3 potions of berserk rage {unknown}
 n - 2 potions of enlightenment {unknown}
 q - 2 potions of mutation {unknown}
 s - a potion of haste {unknown}
 w - 2 potions of degeneration {unknown}


   Skills:
 + Level 9.1 Fighting
 - Level 7.0 Dodging
 - Level 2.0 Stealth
 - Level 7.0 Unarmed Combat
 + Level 0.0 Evocations
 - Level 7.0 Shapeshifting


You had 8 spell levels left.
You didn't know any spells.
Your spell library contained the following spells:

 Spells                   Type           Power      Damage    Failure   Level
 Foxfire                  Conj/Fire      0%         2x1d4     30%         1
 Slow                     Hex            0%         N/A       30%         1
 Summon Small Mammal      Summ           0%         N/A       30%         1
 Ensorcelled Hibernation  Hex/Ice        0%         N/A       43%         2
 Call Canine Familiar     Summ           0%         N/A       67%         3
 Confusing Touch          Hex            0%         N/A       67%         3
 Passwall                 Erth           0%         N/A       67%         3
 Sigil of Binding         Hex            0%         N/A       67%         3
 Swiftness                Air            0%         N/A       67%         3
 Tukima's Dance           Hex            0%         N/A       67%         3
 Vampiric Draining        Necr           0%         2d6       67%         3
 Passage of Golubria      Tloc           0%         N/A       97%         4
 Summon Blazeheart Golem  Fire/Summ      0%         N/A       97%         4
 Yara's Violent Unravell  Hex/Alch       0%         3d3       100%        5
 Malign Gateway           Summ/Tloc      0%         N/A       100%        7
 Summon Horrible Things   Summ           0%         N/A       100%        8


Dungeon Overview and Level Annotations

Branches:
Dungeon (8/15)             Temple (1/1) D:6         Ossuary (visited)
 Bailey (1/1)
   Lair: D:8-11

Altars:
Ashenzari
Cheibriados
Dithmenos
Elyvilon
Fedhas
Gozag
Hepliaklqana
Kikubaaqudgha
Makhleb
Nemelex Xobeh
Qazlal
Ru
Sif Muna
Trog
Uskayaw
Vehumet
Wu Jian
Xom
Yredelemnul
Zin
The Shining One

Shops:
D:4 =

Annotations:
D:6 Dowan
D:8 Psyche Bailey Prince Ribbit


Innate Abilities, Weirdness & Mutations

You are something dangerously unstable.
You glow with magical radiation, making you easy to see and hit.
Foes you strike become dangerously contaminated with magical radiation.
You have sharp claws.
You have razor-sharp teeth.
You have supernaturally acute eyesight. (SInv)
You are covered in thick fur. (AC +2)
Your paws help you pounce on unaware monsters.
You are incapable of wielding weapons or throwing items.
You cannot wear armour.
You gain extra lives every three experience levels.


Message History

Okay, then.
Found a potion of invisibility, 11 gold pieces and a fizzy grey potion.
There is an open door here.
The vault guard completely misses you.
You pounce on the helpless vault guard from behind!
You claw the vault guard!
The vault guard begins to glow.
The vault guard is lightly wounded.
Prince Ribbit completely misses you. The vault guard completely misses you.
You barely miss the vault guard.
The vault guard is lightly wounded.
Prince Ribbit misses you. The vault guard completely misses you.
You scratch the vault guard but do no damage.
The vault guard glows dangerously bright.
The vault guard is lightly wounded.
Prince Ribbit misses you.
The vault guard hits you with a +0 broad axe!
You scratch the vault guard.
The vault guard shudders as magic cascades through it!
The vault guard twists and deforms.
The vault guard is moderately wounded.
Prince Ribbit completely misses you.
You scratch the vault guard.
The vault guard begins to glow.
Your bite misses the vault guard.
The vault guard is moderately wounded.
The vault guard hits you with a +0 broad axe!
You barely miss the vault guard. You bite the vault guard.
The vault guard is moderately wounded.
Prince Ribbit blinks!
The vault guard closely misses you.
You scratch the vault guard.
The vault guard glows dangerously bright.
The vault guard is heavily wounded.
The vault guard hits you with a +0 broad axe!
* * * LOW HITPOINT WARNING * * *
You claw the vault guard!
The vault guard shudders as magic cascades through it!
The vault guard twists and deforms.
Your bite misses the vault guard.
The vault guard is severely wounded.
The vault guard is no longer blind.
The vault guard hits you with a +0 broad axe!
You die...

##### ##!!$##
#?$.??# #.....#
#.....# #..∩..#
###..p§.###
##≈##.p.##~##
##≈~~##'##~~~##
#≈~~~..F...~~~#
##≈~~.~..~~....##
#≈~~~...~.~~≈≈≈.#
#≈~~~....~~≈###+#
#≈~~~....~≈##
###≈~~~...~~≈#
##.#≈~~~...~≈##


You could see a vault guard (misshapen) and Prince Ribbit (blind, unable to see
you).

Vanquished Creatures
  Sigmund (D:2)
  5 humans (Bailey)
  Duvessa (D:6)
  A sky beast (D:6)
  An orc warrior (Bailey)
  A black bear (D:5)
  2 ice beasts
  3 kobold brigands
  2 elf zombies (Ossuary)
  13 bullfrogs
  2 scorpions (Ossuary)
  A bombardier beetle (D:5)
  6 hounds
  2 jellies (D:7)
  3 orc priests (D:7)
  Jessica (D:3)
  2 human skeletons (D:4)
  4 scorpion zombies (Ossuary)
  Natasha (twice) (D:2)
  4 iguanas
  4 orc wizards
  3 mummies (Ossuary)
  3 gnolls
  8 adders
  3 white imps
  2 ufetubi (D:6)
  An adder zombie (Ossuary)
  4 dart slugs
  A ribbon worm (D:3)
  18 orcs
  4 ball pythons
  7 endoplasms
  7 giant cockroaches
  3 gnoll zombies (Ossuary)
  8 goblins
  8 hobgoblins
  3 jackals (D:5)
  16 kobolds
  4 quokkas
  3 bats
  2 frilled lizards
  2 jackal zombies (Ossuary)
  5 kobold zombies (Ossuary)
  2 orc skeletons (D:4)
  2 orc zombies (D:4)
  2 rats (D:3)
182 creatures vanquished.

Notes
Turn   | Place    | Note
-------+----------+-------------------------------------------
     0 | D:1      | hawla the Felid Shapeshifter began the quest for the Orb.
     0 | D:1      | Reached XP level 1. HP: 10/10 MP: 2/2
    90 | D:1      | Reached XP level 2. HP: 12/14 MP: 3/3
   703 | D:2      | Noticed Sigmund
   740 | D:2      | Found a glowing golden altar of the Shining One.
   751 | D:2      | Noticed Natasha
   756 | D:2      | Killed Natasha
   757 | D:2      | Reached XP level 3. HP: 12/18 MP: 4/4
   925 | D:2      | Killed from afar by Sigmund
   925 | D:2      | Lost a life (0 lives remaining)
   934 | D:2      | Killed Sigmund
   935 | D:2      | Reached skill level 2 in Fighting
   935 | D:2      | Reached XP level 4. HP: 23/23 MP: 5/5
   935 | D:2      | Gained a life (1 life remaining)
   935 | D:2      | Reached XP level 5. HP: 27/27 MP: 6/6
  1085 | D:2      | Noticed Natasha
  1092 | D:2      | Killed Natasha
  1234 | D:2      | Reached skill level 3 in Fighting
  1367 | D:3      | Gained mutation: You are covered in thick fur. (AC +2)
                  | [Felid growth]
  1367 | D:3      | Reached XP level 6. HP: 31/32 MP: 7/7
  1536 | D:3      | Found a bloodstained altar of Trog.
  1563 | D:3      | Found a shimmering blue altar of Sif Muna.
  1569 | D:3      | Noticed Jessica
  1580 | D:3      | Killed Jessica
  1625 | D:3      | Got Sif Muna's Handbook of Blasts
  1935 | D:3      | Reached skill level 5 in Dodging
  2519 | D:4      | Found Puriwn's Jewellery Shoppe.
  2712 | D:4      | Found a sand-covered staircase.
  2717 | Ossuary  | Entered an ossuary
  2734 | Ossuary  | Reached XP level 7. HP: 15/36 MP: 8/8
  2734 | Ossuary  | Gained a life (2 lives remaining)
  2739 | Ossuary  | Reached skill level 1 in Stealth
  2911 | Ossuary  | Reached skill level 5 in Shapeshifting
  3499 | D:5      | Entered Level 5 of the Dungeon
  3522 | D:5      | Reached XP level 8. HP: 25/40 MP: 9/9
  4848 | D:6      | Reached skill level 4 in Fighting
  4848 | D:6      | Reached skill level 5 in Unarmed Combat
  4918 | D:6      | Noticed Duvessa
  4919 | D:6      | Noticed Dowan
  4932 | D:6      | Killed Duvessa
  5305 | D:6      | Found a staircase to the Ecumenical Temple.
  5478 | Temple   | Entered the Ecumenical Temple
  5488 | Temple   | Became a worshipper of Makhleb the Destroyer
  5519 | D:7      | Noticed a two-headed ogre
  5574 | D:6      | HP: 2/41 [two-headed ogre/+0 giant club (17)]
  5576 | D:6      | Slain by a two-headed ogre
  5576 | D:6      | Lost a life (1 life remaining)
  5803 | D:7      | Found a white marble altar of Elyvilon.
  6225 | D:7      | Reached skill level 5 in Fighting
  6225 | D:7      | Reached XP level 9. HP: 42/47 MP: 10/10
  6297 | D:7      | Reached * piety under Makhleb
  6773 | D:8      | Noticed Psyche
  6814 | D:8      | Found a flagged portal.
  6823 | Bailey   | Entered a bailey
  6835 | Bailey   | Reached skill level 6 in Fighting
  6859 | Bailey   | Slain by a human
  6859 | Bailey   | Lost a life (0 lives remaining)
  6883 | Bailey   | Reached skill level 7 in Fighting
  6907 | Bailey   | Reached skill level 8 in Fighting
  7160 | Bailey   | Reached skill level 9 in Fighting
  7295 | Bailey   | Noticed a vault guard
  7295 | Bailey   | Noticed Prince Ribbit
  7307 | Bailey   | Mangled by a vault guard

Illustrated notes

Levels and vault maps discovered:
D:1:      dpeg_arrival_signposts, layout_loops_ring
D:2:      layout_basic, basic_altar, uniq_sigmund, uniq_natasha
D:3:      layout_basic, nzn_overflow_gifts_of_might_and_magic, uniq_jessica
D:4:      layout_basic, serial_shops, nicolae_shop_pleasant_corner_grove,
          nicolae_ossuary_entry_catacombs
D:5:      layout_cave_pods, grunt_decor_junction
D:6:      layout_basic, temple_green, uniq_duvessa
D:7:      layout_basic, elyvilon_altar_3
D:8:      layout_gridville, enter_bailey_2, kennysheep_generic_room_6,
          uniq_psyche
Temple:   mainiacjoe_temple_bowtie_tessellation
Bailey:   bailey_axe_froggy_fort_hellmonk, bailey

Skill      XL: |  1  2  3  4  5  6  7  8  9 |
---------------+----------------------------+-----
Dodging        | 3 4 5 7 |  7.0
Shapeshifting  | 3 4 6 7 |  7.0
Fighting       | 2 3 5 9 |  9.1
Unarmed Combat | 4 5 7 |  7.0
Stealth        | 1 2 |  2.0

Action                     |  1- 3 |  4- 6 |  7- 9 || total
---------------------------+-------+-------+-------++-------
  Melee: Unarmed           |    69 |   124 |   494 ||   687
         Bite              |     8 |     9 |    56 ||    73
         Punch             |     4 |     6 |     5 ||    15
  Evoke: Wand              |       |       |     2 ||     2
    Use: Scroll            |       |     7 |     9 ||    16
         Potion            |       |       |     4 ||     4
   Stab: Sleeping          |     1 |     4 |       ||     5
         Invisible         |       |       |     9 ||     9
 Armour: Skin              |    25 |    33 |   160 ||   218
  Dodge: Dodged            |    46 |    82 |   479 ||   607
   Form: Flux              |       |       |     2 ||     2
         Beast             |       |       |     1 ||     1
